 Dungeon Crawl Stone Soup version 0.27-a0-972-gd1521fd518 (webtiles) character file.

Game seed: 15412329578952630211

247 tardwrangler69 the Digger (level 5, 0/38 HPs)
             Began as a Draconian Earth Elementalist on Apr 13, 2021.
             Killed from afar by an orc wizard (8 damage)
             ... with a magic dart
             ... on level 3 of the Dungeon.
             The game lasted 00:04:34 (6058 turns).

tardwrangler69 the Digger (DrEE)                    Turns: 6058, Time: 00:04:35

Health: 0/38       AC:  7    Str: 10    XL:     5   Next: 85%
Magic:  4/10       EV: 11    Int: 16    God:
Gold:   137        SH:  3    Dex: 12    Spells: 5/11 levels left

rFire    . . .     SeeInvis .   f - +0 whip
rCold    . . .     Faith    .   o - +0 buckler
rNeg     . . .     Spirit   .   (armour unavailable)
rPois    .         Reflect  .   (helmet restricted)
rElec    .         Harm     .   j - +0 cloak
rCorr    .         Rampage  .   i - +0 pair of gloves
Will     .....                  (no boots)
Stlth    ++........             (no amulet)
HPRegen  0.12/turn              (no ring)
MPRegen  0.12/turn              (no ring)

@: no status effects
A: AC +5, unfitting armour, cold-blooded
a: no special abilities


You were on level 3 of the Dungeon.
You visited 1 branch of the dungeon, and saw 4 of its levels.

You collected 137 gold pieces.

Inventory:

Hand Weapons
 f - a +0 whip (weapon)
Missiles
 b - 74 stones
Armour
 i - a +0 pair of gloves (worn)
 j - a +0 cloak (worn)
 o - a +0 buckler (worn)
Scrolls
 a - 5 scrolls of teleportation {unknown}
 c - a scroll of holy word {unknown}
 d - 3 scrolls of identify {unknown}
 g - a scroll of noise {unknown}
 h - a scroll of fear {unknown}
 l - a scroll of blinking {unknown}
 m - a scroll of immolation
 n - 2 scrolls of fog {unknown}
Potions
 k - a potion of heal wounds
 p - 2 potions of resistance {unknown}


   Skills:
 - Level 1.7 Dodging
 - Level 1.7 Stealth
 + Level 3.6 Spellcasting
 - Level 1.0 Transmutations
 * Level 5.7 Earth Magic


You had 5 spell levels left.
You knew the following spells:

 Your Spells              Type           Power      Damage    Failure   Level
a - Sandblast             Erth           42%        2d11      2%          1
b - Passwall              Tmut/Erth      10%        N/A       11%         2
c - Stone Arrow           Conj/Erth      24%        3d8       26%         3

Your spell library contained the following spells:

 Spells                   Type           Power      Damage    Failure   Level
 Magic Dart               Conj           8%         1d3       30%         1
 Searing Ray              Conj           4%         3d3       41%         2
 Petrify                  Tmut/Erth      13%        N/A       58%         4
 Lee's Rapid Deconstruct  Erth           10%        3d9*      61%         5
 Dazzling Flash           Conj/Hex       4%         N/A       65%         3
 Fulminant Prism          Conj/Hex       1%         3d6       96%         4
 Iskenderun's Mystic Bla  Conj/Tloc      2%         2d3       96%         4


Dungeon Overview and Level Annotations

Branches:
Dungeon (4/15)
 Temple: D:4-7

Altars:


Innate Abilities, Weirdness & Mutations

Your plain brown scales are hard. (AC +5)
You cannot fit into any form of body armour.
You are cold-blooded and may be slowed by cold attacks.


Message History

Things that are here:
a +0 club; a hobgoblin corpse; a gnoll skeleton You miss something.
Something hits you but does no damage.
You hit something but do no damage. You block something's attack.
You closely miss something.
Your tail-slap misses something.
Something hits you but does no damage. You block something's attack.
You barely miss something.
Your tail-slap misses something.
You hear some strange, mumbled words.
A puff of flame appears from out of thin air!
The puff of flame hits you!
You miss something. Something hits you but does no damage.
You hit something but do no damage.
You hear some strange, mumbled words.
A puff of flame appears from out of thin air!
The puff of flame hits you!
* * * LOW HITPOINT WARNING * * *
You closely miss something. Something hits you.
* * * LOW HITPOINT WARNING * * *
You closely miss something. You tail-slap something.
Something completely misses you.
Casting: Sandblast (safe; 2% risk of failure)
Confirm with . or Enter, or press ? or * to list all spells.
Aiming: Sandblast (safe; 2% risk of failure)
Press: ? - help, Shift-Dir - straight line You block something's attack.
Casting: Sandblast (safe; 2% risk of failure)
Confirm with . or Enter, or press ? or * to list all spells.
Aiming: Sandblast (safe; 2% risk of failure)
Press: ? - help, Shift-Dir - straight line The blast of sand hits something but does no damage.
Something hits you.
* * * LOW HITPOINT WARNING * * *
Casting: Sandblast (safe; 2% risk of failure)
Confirm with . or Enter, or press ? or * to list all spells.
Aiming: Sandblast (safe; 2% risk of failure)
Press: ? - help, Shift-Dir - straight line You hear some strange, mumbled words.
A magic dart appears from out of thin air!
The magic dart hits you!
You die...

##.##.#.#.#.##.#.#...............
##.............#.####.#.######.#.
......#..##.####.#.[......# #.#.
#####..........#.#.##.#.#.# #.#.
............##.#.#.##.#.#.####.#.
#####.####.###.#.#.##.#.#.#......
.####'####.# #.#)#.##.#.#.####.##
##....§§§### #.#>#.##.#.#.# #.#
#.≈≈.≈≈§# #.#@#.##.#.#.# #.#
#.≈§≈§≈§# #.#{#.##.#.#.# #.#
#..≈§≈§.# #.#.#.##.#.#.####.##
#.§.§.≈.#####.#.#.##.#..........
#.§≈§≈≈.#.....#...#......####.#.
#.§.§...#####.#.######..........
#####'#### #.#.######....###.#.
......#.# #.#...........# #.#.
.######.######.#.######....# #.#.


There were no monsters in sight!

Vanquished Creatures
  A scorpion (D:4)
  An iguana (D:3)
  Robin (D:1)
  4 gnolls
  4 adders
  A worm (D:3)
  A dart slug (D:3)
  3 ball pythons
  9 bats
  2 endoplasms
  4 giant cockroaches
  12 goblins
  10 hobgoblins
  3 jackals (D:4)
  2 quokkas (D:1)
  4 frilled lizards
  6 kobolds
  3 rats
71 creatures vanquished.

Notes
Turn   | Place    | Note
-------+----------+-------------------------------------------
     0 | D:1      | tardwrangler69 the Draconian Earth Elementalist began the
                  | quest for the Orb.
     0 | D:1      | Reached XP level 1. HP: 14/14 MP: 3/3
   344 | D:1      | Reached XP level 2. HP: 6/20 MP: 5/5
  2083 | D:2      | Noticed Robin
  2354 | D:1      | Killed Robin
  2355 | D:1      | Reached skill level 4 in Earth Magic
  2355 | D:1      | Reached XP level 3. HP: 23/26 MP: 0/6
  3552 | D:2      | Reached XP level 4. HP: 33/33 MP: 8/8
  3581 | D:2      | Found a faded altar of an unknown god.
  4731 | D:3      | Learned a level 2 spell: Passwall
  4735 | D:3      | Learned a level 3 spell: Stone Arrow
  5425 | D:4      | Noticed a scorpion
  5432 | D:4      | Killed a scorpion
  5433 | D:4      | Reached skill level 5 in Earth Magic
  5433 | D:4      | Reached XP level 5. HP: 19/38 MP: 2/9
  6058 | D:3      | Killed from afar by an orc wizard

Illustrated notes

Levels and vault maps discovered:
D:1:      lemuel_arrival_lava_pool, layout_loops_corners
D:2:      layout_rooms, hellmonk_ecumenical_altar_blasted, uniq_robin
D:3:      layout_basic, kennysheep_generic_room_9
D:4:      layout_loops_corners, serial_shops, shop, minmay_between,
          uniq_menkaure

Skill      XL: |  1  2  3  4 |
---------------+-------------+-----
Earth Magic    | 4 5 |  5.7
Spellcasting   | 3 |  3.6
Dodging        | |  1.7
Stealth        | |  1.7
Transmutations | |  1.0

Action                   |  1- 3 |  4- 6 || total
-------------------------+-------+-------++-------
Melee: Unarmed           |    91 |       ||    91
       Tailslap          |    12 |    11 ||    23
       Whip              |   118 |   124 ||   242
 Cast: Sandblast         |    21 |    34 ||    55
  Use: Potion            |       |     2 ||     2
 Stab: Sleeping          |     2 |     1 ||     3
Armor: Skin              |   102 |    73 ||   175
Dodge: Dodged            |   188 |   101 ||   289
Block: Buckler           |       |    11 ||    11

Table legend: (Time is in decaauts)
 A = Elapsed time spent in this place.
 B = Non-inter-level travel time spent in this place.
 C = Inter-level travel time spent in this place.
 D = Time resting spent in this place.
 E = Time spent auto-exploring this place.
 F = Levels seen in this place.
 G = Mean time per level.
                   A        B        C        D        E       F      G
               +--------+--------+--------+--------+--------+-----+--------+
         Total |   6096 |   5914 |    182 |    598 |   4562 |   4 | 1524.0 |
       Dungeon |   6096 |   5914 |    182 |    598 |   4562 |   4 | 1524.0 |
               +--------+--------+--------+--------+--------+-----+--------+

Top non-repeatable levels by time:
     D:1: 2866 daAuts
     D:3: 1971 daAuts
     D:2: 1173 daAuts
     D:4: 86 daAuts
